 Dungeon Crawl Stone Soup version 0.30-b1-2-g02819fbbbe (webtiles) character file.

Game seed: 9775519063702389866

155 Alarkh the Insei (level 5, -1/38 HPs)
             Began as a Demonspawn Warper on May 28, 2023.
             Killed by nerve-wracking pain
             ... invoked by Grinder
              (2 damage)
             ... while paralysed by Grinder
             ... on level 3 of the Dungeon.
             The game lasted 00:04:18 (2255 turns).

Alarkh the Insei (Demonspawn Warper)                Turns: 2255, Time: 00:04:18

Health: -1/38      AC:  6    Str: 11    XL:     5   Next: 14%
Magic:  8/8        EV:  2    Int: 17    God:
Gold:   143        SH:  0    Dex: 12    Spells: 8/8 levels left

rFire   + +          .
                       - Unarmed
rCold   + . .        (no shield)
rNeg    . . .        i - +0 ring mail {rF+}
rPois   +            (no helmet)
rElec   +            (no cloak)
rCorr   +            o - +0 pair of gloves
SInv    .            (no boots)
Will    .....        d - amulet of magic regeneration
Stlth   +            (no ring)
HPRegen 0.26/turn    (no ring)
MPRegen 0.51/turn

%: no passive effects
@: paralysed, mighty, resistant
A: claws 2, large bone plates 2
a: no special abilities


You were on level 3 of the Dungeon.
You visited 1 branch of the dungeon, and saw 4 of its levels.
You also visited: Sewer.

You collected 143 gold pieces.

Inventory:

Missiles
 c - 2 boomerangs of dispersal (quivered)
Armour
 a - a +0 leather armour
 i - a +0 ring mail of fire resistance (worn)
 o - a +0 pair of gloves (worn)
 s - an orb of mayhem
Jewellery
 d - an amulet of magic regeneration (around neck)
Scrolls
 b - 3 scrolls of blinking
 g - a scroll of acquirement {unknown}
 j - a scroll of fog {unknown}
 k - a scroll of amnesia {unknown}
 l - 2 scrolls of fear {unknown}
 n - a scroll of magic mapping
 p - a scroll of teleportation {unknown}
 t - a scroll of enchant weapon {unknown}
 v - a scroll of enchant armour {unknown}
Potions
 f - 2 potions of flight
 h - a potion of brilliance
 m - a potion of resistance
 q - a potion of curing {unknown}
 r - a potion of magic {unknown}
 u - a potion of haste {unknown}
 w - a potion of invisibility {unknown}


   Skills:
 - Level 2.0 Fighting
 - Level 0.8 Throwing
 - Level 0.8 Armour
 - Level 1.7 Dodging
 + Level 4.9 Unarmed Combat
 - Level 2.0 Spellcasting
 - Level 2.6 Translocations


You had 8 spell levels left.
You didn't know any spells.
Your spell library contained the following spells:

 Spells                   Type           Power      Damage    Failure   Level
 Blink                    Tloc           20%        N/A       24%         2
 Lesser Beckoning         Tloc           20%        N/A       24%         2
 Gell's Gravitas          Tloc           10%        N/A       43%         3
 Teleport Other           Tloc           10%        N/A       43%         3
 Vhi's Electric Charge    Tloc/Air       12%        N/A       63%         3
 Inner Flame              Hex/Fire       1%         N/A       80%         3
 Manifold Assault         Tloc           10%        N/A       83%         4
 Flame Wave               Conj/Fire      1%         2d4       99%         4
 Sticky Flame             Conj/Fire      1%         2d3       99%         4


Dungeon Overview and Level Annotations

Branches:
Dungeon (4/15)              Sewer (visited)
 Temple: D:4-7

Altars:
Cheibriados

Annotations:
D:3 Grinder


Innate Abilities, Weirdness & Mutations

You have very sharp fingernails.
You are mostly covered in large bone plates. (SH +6)


Message History

You feel very mighty all of a sudden. Grinder gestures at you.
Pain shoots through your body!
You punch Grinder!
Grinder is heavily wounded.
Grinder hits you.
You writhe in agony.
You barely miss Grinder.
Grinder is heavily wounded.
Grinder hits you but does no damage.
You hit Grinder.
Grinder is heavily wounded.
Grinder blinks!
Grinder gestures at you. You resist with significant effort.
Grinder gestures at you. Pain shoots through your body!
You hit Grinder.
Grinder is heavily wounded.
You closely miss Grinder.
Grinder is heavily wounded.
Grinder hits you.
You punch Grinder!
Grinder is almost dead.
Grinder blinks!
Grinder gestures at you. You resist with significant effort.
Grinder gestures at you. Pain shoots through your body!
* * * LOW HITPOINT WARNING * * *
You closely miss Grinder.
Grinder is almost dead.
Grinder gestures at you.
You suddenly lose the ability to move!
Grinder gestures at you. Pain shoots through your body!
* * * LOW HITPOINT WARNING * * *
Grinder grins, showing sharp teeth.
Grinder gestures at you. Pain shoots through your body!
You die...

*,* *,**,*#.* *,****,**,,, *,*
*,*#.*#.# *,,,,,,,,,,, *,*
#,*#.*#.# ****##+##*,, *,*
#.*#.*#.# ##...##** ****,*
#.##.##.# ##...>.## **,**,*
#.......## ##.......##
**,,,*,**##........####.........#
,,,,,,,,,.........<...+.........+
**,,,*,****.##.#@..####..).......
*,,,,,,,,#.##.5...# ##..#######
*,,,,,,,,#........# ##.#~~~~~#
*,,,,,,,,#######.## #.'~~.~~#
*,,,,,,,,* #.# #รท#~~~~~#
*,,,,,,,,* #.# #.#######
*,,,,,,,,* ##.#######........
*,,,,,,,,* #.........##.##.##
**,,,,,,,* #.#######.#...#...


You could see Grinder.

Vanquished Creatures
  5 adders
  5 river rats (Sewer)
  2 dart slugs (D:2)
  2 ball pythons (D:1)
  3 endoplasms
  3 giant cockroaches (D:3)
  2 goblins (D:2)
  5 hobgoblins
  7 jackals
  2 quokkas (D:1)
  4 bats
  4 frilled lizards
  12 kobolds
  8 rats
64 creatures vanquished.

Vanquished Creatures (others)
  10 plants (Sewer)
10 creatures vanquished.

Grand Total: 74 creatures vanquished

Notes
Turn   | Place    | Note
-------+----------+-------------------------------------------
     0 | D:1      | Alarkh the Demonspawn Warper began the quest for the Orb.
     0 | D:1      | Reached XP level 1. HP: 16/16 MP: 3/3
    37 | D:1      | Reached skill level 2 in Unarmed Combat
   262 | D:1      | Gained mutation: You are partially covered in large bone
                  | plates. (SH +4) [demonic ancestry]
   262 | D:1      | Reached XP level 2. HP: 21/22 MP: 5/5
   647 | D:1      | Reached skill level 3 in Unarmed Combat
   715 | D:2      | Found a snail-covered altar of Cheibriados.
   735 | D:2      | Gained mutation: You have sharp fingernails. [demonic
                  | ancestry]
   735 | D:2      | Reached XP level 3. HP: 26/27 MP: 6/6
  1105 | D:3      | Noticed Grinder
  1105 | D:3      | You fall into a shaft and drop 1 floor!
  1120 | D:3      | Found a glowing drain.
  1163 | D:3      | Reached skill level 4 in Unarmed Combat
  1163 | D:3      | Gained mutation: You have very sharp fingernails. [demonic
                  | ancestry]
  1163 | D:3      | Reached XP level 4. HP: 13/33 MP: 7/7
  1195 | Sewer    | Entered a sewer
  1701 | Sewer    | Gained mutation: You are mostly covered in large bone
                  | plates. (SH +6) [demonic ancestry]
  1701 | Sewer    | Reached XP level 5. HP: 38/38 MP: 8/8
  2253 | D:3      | Paralysed by Grinder for 2 turns
  2254 | D:3      | HP: 1/38 [Grinder/nerve-wracking pain (2)]
  2255 | D:3      | Killed from afar by Grinder

Illustrated notes

Levels and vault maps discovered:
D:1:      minmay_arrival_shattered_statue, layout_rooms
D:2:      layout_rooms, basic_altar
D:3:      layout_loops_corners, mainiacjoe_overflow_24_doors,
          gup_sewer_entry_glass, uniq_grinder, uniq_natasha
D:4:      layout_basic, elyvilon_altar_5, mainiacjoe_overflow_alcove_2

Skill      XL: |  1  2  3 |
---------------+----------+-----
Unarmed Combat | 2 3 4 |  4.9
Fighting       | |  2.0
Throwing       | |  0.8
Armour         | |  0.8
Dodging        | |  1.7
Spellcasting   | |  2.0
Translocations | |  2.6

Action                     |  1- 3 |  4- 6 || total
---------------------------+-------+-------++-------
  Melee: Unarmed           |   154 |   120 ||   274
         Punch             |     3 |     3 ||     6
  Throw: Boomerang         |     5 |       ||     5
         Stone             |     1 |       ||     1
    Use: Scroll            |     3 |     1 ||     4
         Potion            |     2 |     2 ||     4
 Armour: Leather armour    |    10 |       ||    10
         Ring mail         |    30 |    28 ||    58
         Skin              |    10 |     4 ||    14
  Dodge: Dodged            |    79 |    39 ||   118
  Block: Other             |    22 |    19 ||    41
